 Dungeon Crawl Stone Soup version 0.29-a0-1047-g7c58e119a4 (webtiles) character file.

Game seed: 3843560821183134528

58 nickcage the Poker (level 4, -1/33 HPs)
             Began as a Merfolk Gladiator on Aug 16, 2022.
             Killed by divine providence
             ... invoked by an orc priest
              (14 damage)
             ... on level 3 of the Dungeon.
             The game lasted 00:04:01 (1975 turns).

nickcage the Poker (Merfolk Gladiator)              Turns: 1975, Time: 00:04:02

Health: -1/33      AC:  7    Str: 16    XL:     4   Next: 2%
Magic:  4/4        EV: 11    Int:  7    God:
Gold:   98         SH:  0    Dex: 15    Spells: 3/3 levels left

rFire   . . .      SeeInvis .   a - +0 trident
rCold   . . .      Faith    .   (no shield)
rNeg    . . .      Spirit   .   s - +0 scale mail
rPois   .          Reflect  .   c - +0 helmet
rElec   .          Harm     .   (no cloak)
rCorr   .          Rampage  .   (no gloves)
Will    .....                   (no boots)
Stlth   ..........              (no amulet)
HPRegen 0.11/turn               (no ring)
MPRegen 0.09/turn               (no ring)

@: no status effects
A: (nimble swimmer 2), mertail
a: no special abilities


You were on level 3 of the Dungeon.
You visited 1 branch of the dungeon, and saw 3 of its levels.

You collected 110 gold pieces.
You spent 12 gold pieces at shops.

Inventory:

Hand Weapons
 a - a +0 trident (weapon)
Missiles
 d - 3 throwing nets
 e - a javelin
 o - 6 poisoned darts (quivered)
Armour
 b - a +0 leather armour
 c - a +0 helmet (worn)
 g - a +0 ring mail
 s - a +0 scale mail (worn)
Jewellery
 t - a ring of fire
Scrolls
 h - a scroll of identify {unknown}
 j - 3 scrolls of teleportation {unknown}
 l - 2 scrolls of butterflies {unknown}
 n - 2 scrolls of enchant armour {unknown}
 p - a scroll of amnesia {unknown}
 q - a scroll of acquirement {unknown}
 r - a scroll of fear {unknown}
Potions
 f - a potion of might {unknown}
 i - 4 potions of curing {unknown}
 k - 2 potions of degeneration {unknown}
 m - a potion of attraction {unknown}
 u - a potion of mutation {unknown}


   Skills:
 - Level 2.1 Fighting
 + Level 6.3 Polearms
 - Level 2.0 Throwing
 - Level 4.0 Dodging


You had 3 spell levels left.
You didn't know any spells.
Your spell library contained the following spells:

 Spells                   Type           Power      Damage    Failure   Level
 Frozen Ramparts          Ice            0%         1d1       99%         3
 Ozocubu's Armour         Ice            0%         N/A       99%         3
 Ice Form                 Ice/Tmut       0%         N/A       100%        4
 Summon Ice Beast         Ice/Summ       0%         N/A       100%        4
 Metabolic Englaciation   Hex/Ice        0%         N/A       100%        5
 Simulacrum               Ice/Necr       0%         N/A       100%        6


Dungeon Overview and Level Annotations

Branches:
Dungeon (3/15)

Altars:
Xom

Shops:
D:2 ::(


Innate Abilities, Weirdness & Mutations

((You are very nimble when in or above water. (Stealth+, EV+, Speed+++)))
Your lower body shifts to a powerful aquatic tail in water.


Message History

No target in view!
t - a ring of fire
Found a stone staircase leading down.
There is a stone staircase leading down here.
There is a stone staircase leading down here.
Found a stone staircase leading up.
No target in view!
There is a stone staircase leading down here.
u - a lumpy dark potion An orc comes into view.
It is wielding a +0 hand axe.
Found 2 atropa-tipped darts.
The orc shouts!
The orc moves out of view.
A ball python comes into view.
An orc priest comes into view. It is wielding a +0 falchion.
An orc priest comes into view. It is wielding a +0 flail.
The ball python hisses angrily.
You hear a shout!
An orc comes into view. It is wielding a +0 mace.
The orc priest shouts!
You closely miss the orc. The orc hits you but does no damage.
You hit the orc. You punch the orc.
You kill the orc!
You have reached level 4!
You puncture the ball python!
You kill the ball python!
You puncture the orc priest!
The orc priest is heavily wounded.
The orc priest mumbles some strange prayers to Beogh against you.
Pain shoots through your body!
You hit the orc priest.
The orc priest is severely wounded.
The orc priest invokes the aid of Beogh against you.
Pain shoots through your body!
You are too injured to fight recklessly!
You barely miss the orc priest.
The orc priest is severely wounded.
The orc priest looks braver for a moment.
The orc priest calls down the wrath of Beogh upon you.
Beogh smites you!
You die...

.o #.#
#...# ..
#.# ###.#
.. #.# #.#
S.## #.#
#.# ...#
#.# #.#
...## #.#
#.#
....####.#
#.#
...S.o.o.#
#.#
#...####.#
#@# #####
#.#######o#
#..oS.o.o.#
###########


You could see 2 orc priests.

Vanquished Creatures
  2 adders (D:2)
  2 orcs
  3 endoplasms
  A goblin (D:1)
  8 hobgoblins
  2 quokkas
  9 ball pythons
  2 bats
  3 frilled lizards (D:1)
  2 kobolds (D:2)
  3 rats
37 creatures vanquished.

Notes
Turn   | Place    | Note
-------+----------+-------------------------------------------
     0 | D:1      | nickcage the Merfolk Gladiator began the quest for the Orb.
     0 | D:1      | Reached XP level 1. HP: 16/16 MP: 1/1
   213 | D:1      | Found a faded altar of an unknown god.
   244 | D:1      | Reached XP level 2. HP: 22/22 MP: 2/2
   366 | D:1      | Reached skill level 5 in Polearms
  1222 | D:2      | Found Olieck's Weapon Shop.
  1228 | D:2      | Bought 3 poisoned darts for 12 gold pieces
  1235 | D:2      | Reached XP level 3. HP: 27/27 MP: 3/3
  1480 | D:2      | Reached skill level 6 in Polearms
  1480 | D:2      | Found Goceq's Book Emporium.
  1594 | D:2      | Found Epsoxta's Book Emporium.
  1766 | D:3      | Found a shimmering altar of Xom.
  1972 | D:3      | Reached XP level 4. HP: 33/33 MP: 4/4
  1975 | D:3      | Killed from afar by an orc priest

Illustrated notes

Levels and vault maps discovered:
D:1:      lemuel_arrival_tunnels, layout_basic,
          shapermc_ecumenical_altar_flowoftime, minmay_misc_feat_iff
D:2:      layout_loops_ring, serial_shops, shop, shop,
          nicolae_shop_bloodbath_and_beyond
D:3:      layout_basic, lemuel_tele_altar, amcnicky_altar_gilded,
          skrybe_limestone_x, chequers_decorated_corner, corexii_hall_statues_s

Skill      XL: |  1  2  3 |
---------------+----------+-----
Polearms       | 5 6 |  6.3
Fighting       | |  2.1
Throwing       | |  2.0
Dodging        | |  4.0

Action                   |  1- 3 |  4- 6 || total
-------------------------+-------+-------++-------
Melee: Trident           |    96 |     4 ||   100
       Punch             |     2 |       ||     2
Armor: Ring mail         |    26 |       ||    26
       Scale mail        |     1 |       ||     1
Dodge: Dodged            |    58 |       ||    58

Table legend: (Time is in decaauts)
 A = Elapsed time spent in this place.
 B = Non-inter-level travel time spent in this place.
 C = Inter-level travel time spent in this place.
 D = Time resting spent in this place.
 E = Time spent auto-exploring this place.
 F = Levels seen in this place.
 G = Mean time per level.
                   A        B        C        D        E       F      G
               +--------+--------+--------+--------+--------+-----+--------+
         Total |   1978 |   1880 |     98 |      0 |   1624 |   3 |  659.3 |
       Dungeon |   1978 |   1880 |     98 |      0 |   1624 |   3 |  659.3 |
               +--------+--------+--------+--------+--------+-----+--------+

Top non-repeatable levels by time:
     D:1: 1023 daAuts
     D:2: 681 daAuts
     D:3: 272 daAuts
